 Dungeon Crawl Stone Soup version 0.31-a0-95-g6fa058ef04 (webtiles) character file.

Game seed: 15930640681442562457

7611 Jackthecabe the Protected (level 10, -2/76 HPs)
             Began as a Mummy Necromancer on May 25, 2023.
             Was a Believer of Kikubaaqudgha.
             Slain by a troll (12 damage)
             ... on level 9 of the Dungeon.
             The game lasted 00:33:09 (10562 turns).

Jackthecabe the Protected (Mummy Necromancer)      Turns: 10562, Time: 00:33:10

Health: -2/76      AC:  7    Str: 11    XL:     10   Next: 98%
Magic:  2/16       EV: 14    Int: 24    God:    Kikubaaqudgha [**....]
Gold:   12         SH:  0    Dex: 14    Spells: 9/17 levels left

rFire   . . .        q - +2 dagger (venom)
rCold   + + .        (no shield)
rNeg    + + +        i - +2 robe {rC+}
rPois   ∞            (no helmet)
rElec   .            (no cloak)
rCorr   .            g - +1 pair of gloves
SInv    .            (no boots)
Will    +....        l - amulet of regeneration
Stlth   ++           F - ring of protection from fire
HPRegen 1.12/turn    I - +6 ring of intelligence
MPRegen 0.15/turn

%: faith
@: studying Air Magic
A: cold resistance 1, negative energy resistance 3, torment resistance 2, heat
vulnerability 1, in touch with death 1, no potions, faith
a: Renounce Religion, Unearth Wretches


You were on level 9 of the Dungeon.
You worshipped Kikubaaqudgha.
Kikubaaqudgha was pleased with you.
You visited 2 branches of the dungeon, and saw 10 of its levels.

You collected 504 gold pieces.
You spent 492 gold pieces at shops.


Innate Abilities, Weirdness & Mutations

You are immune to poison.
Your flesh is cold resistant. (rC+)
You are immune to negative energy. (rN+++)
You are immune to unholy pain and torment.
You are vulnerable to heat. (rF-)
You are in touch with the powers of death.
You do not drink.
You have a special connection with the divine. (Faith)


   Skills:
 - Level 6.0 Fighting
 + Level 9.1 Armour
 - Level 6.0 Dodging
 - Level 3.0 Stealth
 - Level 4.0 Spellcasting
 - Level 9.0 Necromancy
 - Level 2.0 Evocations


You had 9 spell levels left.
You knew the following spells:

 Your Spells              Type           Power      Damage    Failure   Level
a - Animate Dead          Necr           64%        N/A       2%          4
v - Vampiric Draining     Necr           64%        2d10      1%          3
X - Necrotise             Necr           100%       1d9       1%          1

Your spell library contained the following spells:

 Spells                   Type           Power      Damage    Failure   Level
 Kiss of Death            Conj/Necr      100%       2d13      1%          1
 Dispel Undead            Necr           64%        3d22      2%          4
 Cigotuvi's Dreadful Rot  Necr/Pois/Air  46%        N/A       6%          2
 Agony                    Necr           64%        N/A       7%          5
 Lesser Beckoning         Tloc           8%         N/A       14%         2
 Ensorcelled Hibernation  Hex/Ice        4%         N/A       19%         2
 Anguish                  Hex/Necr       18%        N/A       19%         4
 Confusing Touch          Hex            4%         N/A       28%         3
 Gell's Gravitas          Tloc           4%         N/A       28%         3
 Teleport Other           Tloc           4%         N/A       28%         3
 Tukima's Dance           Hex            4%         N/A       28%         3
 Inner Flame              Hex/Fire       2%         N/A       34%         3
 Portal Projectile        Hex/Tloc       4%         N/A       34%         3
 Flame Wave               Conj/Fire      2%         2d4       75%         4
 Sticky Flame             Conj/Fire      2%         2d3       75%         4
 Spider Form              Tmut/Pois      Unusable   N/A       N/A         3
 Blade Hands              Tmut           Unusable   N/A       N/A         5

Inventory:

Hand Weapons
 b - a +2 short sword of protection
 e - a +2 dagger of electrocution
 q - a +2 dagger of venom (weapon)
 s - the +6 long sword of the Devouring Enemy {vamp, Stlth+}
   (You found it on level 5 of the Dungeon)

   Stlth:     It makes you more stealthy.
Missiles
 n - 2 throwing nets {=f}
 r - 23 poisoned darts
 t - 8 curare-tipped darts {=f}
 x - 2 atropa-tipped darts
Armour
 g - a +1 pair of gloves (worn)
 i - a +2 robe of cold resistance (worn)
Jewellery
 k - an amulet of reflection
 l - an amulet of regeneration (around neck)
 z - an amulet of guardian spirit
 F - a ring of protection from fire (left hand)
 I - a +6 ring of intelligence (right hand)
Wands
 a - a wand of flame (1)
 w - a wand of mindburst (4)
Scrolls
 c - 2 scrolls of identify {@r1}
 d - 4 scrolls of poison
 f - 5 scrolls of fear
 h - 5 scrolls of blinking
 j - a scroll of immolation
 m - 4 scrolls of torment
 o - 2 scrolls of teleportation {@r2}
 p - a scroll of vulnerability
 u - 2 scrolls of enchant weapon
 v - a scroll of fog
 y - a scroll of silence {!r}

Dungeon Overview and Level Annotations

Branches:
Dungeon (9/15)             Temple (1/1) D:7            Lair (0/5) D:8
    Orc: D:9-12

Altars:
Ashenzari
Cheibriados
Dithmenos
Fedhas
Gozag
Hepliaklqana
Kikubaaqudgha
Makhleb
Nemelex Xobeh
Okawaru
Qazlal
Ru
Trog
Uskayaw
Vehumet
Wu Jian
Xom
Yredelemnul

Shops:
D:1 ?   D:7 :

Portals:
Bailey: D:9

Annotations:
D:8 1 runed translucent door, Unforgiven's ghost, novice GrFi

#.# *,,* #.# *,,* #.### *,,*
#...# *,,*
********########.#.#### *,,*
*,,,,,,,..............#****,,***
*,,,,,,,........≈≈)≈≈...,,,,,,,,
*,******#######.≈)..≈)...,,,,,,,
*,* #@~)∩.~....,,,,,,, *,*
#TZ.>.≈....,,,,,,, *,*
#.≈≈~≈≈....,,,,,,, *,*
#.........,,,,,,,, *,*
###.#....,,,,,,,,,
*,***************......,,,,,,,,,
*,,,,,,,,,,,,,,,,......,,,,,,,,,
*****************######*********


You could see a troll (very poisoned, ally target) and a friendly steam dragon
skeleton.


Message History

You feel a surge of power!
You draw life force from the troll.
You feel life coursing into your body.
Your goblin skeleton crumbles into dust!
The troll closely misses you. The troll claws you but does no damage.
The troll claws you.
Unknown command.
Casting: Vampiric Draining (safe; 1% risk of failure)
Confirm with . or Enter, or press ? or * to list all spells.
Aiming: Vampiric Draining (safe; 1% risk of failure)
Press: ? - help, Shift-Dir - straight line, f/p - troll
Aim: a troll (heavily wounded, very poisoned, ally target)
You feel a surge of power!
You draw life force from the troll!
You feel life coursing into your body! The troll bites you!
* * * LOW HITPOINT WARNING * * *
The troll claws you.
* * * LOW HITPOINT WARNING * * *
The troll claws you but does no damage.
You hit the troll.
The troll is almost dead.
Your steam dragon skeleton barely misses the troll. x2
The troll bites you!
* * * LOW HITPOINT WARNING * * *
The troll claws you!
* * * LOW HITPOINT WARNING * * *
The troll claws you.
* * * LOW HITPOINT WARNING * * *
The troll attacks as you move away! The troll closely misses you.
The troll claws you!
You die...
Kikubaaqudgha rasps: "You have failed me!
Welcome... oblivion!"

Skill      XL: |  1  2  3  4  5  6  7  8  9 10 |
---------------+-------------------------------+-----
Spellcasting   | 3 4 |  4.0
Necromancy     | 5 6 7 8 9 |  9.0
Fighting       | 2 4 5 6 |  6.0
Evocations     | 2 |  2.0
Stealth        | 3 |  3.0
Dodging        | 5 6 |  6.0
Armour         | 4 9 |  9.1

Action                     |  1- 3 |  4- 6 |  7- 9 | 10-12 || total
---------------------------+-------+-------+-------+-------++-------
  Melee: Short sword       |     3 |    64 |       |       ||    67
         Dagger            |       |     6 |   268 |   182 ||   456
         Punch             |       |       |     6 |     4 ||    10
  Throw: Dart              |       |       |     6 |     8 ||    14
   Cast: Necrotise         |    49 |   123 |    63 |    17 ||   252
         Vampiric Draining |       |     4 |     5 |     3 ||    12
         Animate Dead      |       |       |    12 |     5 ||    17
  Evoke: Wand              |       |     1 |       |     2 ||     3
    Use: Scroll            |       |       |       |    10 ||    10
   Stab: Sleeping          |     1 |     1 |     3 |       ||     5
         Distracted        |       |       |     3 |       ||     3
 Armour: Robe              |     2 |    38 |    83 |    50 ||   173
  Dodge: Dodged            |     3 |    61 |   218 |   175 ||   457

Levels and vault maps discovered:
D:1:      wander_arrival_desolate, layout_rooms, serial_shops,
          nicolae_shop_tiny_statue_garden
D:2:      minmay_roachtagon, layout_loops_cross, uniq_jessica
D:3:      layout_basic, mainiacjoe_overflow_catwalk, grunt_ministairs_13
D:4:      cheibrodos_pilgrimage, layout_gridville
D:5:      layout_basic, lemuel_coloured_pillars_altar
D:6:      layout_loops_ring, fedhas_bush_and_centaur_altar, kennysheep_ying_yang
D:7:      minmay_slanted_spiral_squares, layout_loops_cross,
          minmay_temple_entry_slanted, serial_shops, nicolae_book_shop_shelving,
          kennysheep_decorative_pillar
D:8:      layout_loops_corners, minmay_lair_entry_grove,
          hellmonk_ghost_happy_afterlife, uniq_psyche
D:9:      layout_long_grid, mainiacjoe_overflow_alcove_2, enter_bailey_5
Temple:   nicolae_temple_slightly_damp_pantheon

Notes
Turn   | Place    | Note
-------+----------+-------------------------------------------
     0 | D:1      | Jackthecabe the Mummy Necromancer began the quest for the
                  | Orb.
     0 | D:1      | Reached XP level 1. HP: 13/13 MP: 4/4
   196 | D:1      | Found Onuifuwa's Magic Scroll Shoppe.
   205 | D:1      | Bought a scroll of noise for 13 gold pieces
   220 | D:1      | Reached skill level 3 in Spellcasting
   269 | D:1      | Reached XP level 2. HP: 19/19 MP: 4/6
   856 | D:2      | Reached skill level 5 in Necromancy
   856 | D:2      | Gained mutation: You are in touch with the powers of death.
                  | [Mummy growth]
   856 | D:2      | Reached XP level 3. HP: 24/24 MP: 4/7
   860 | D:2      | Learned a level 3 spell: Vampiric Draining
   957 | D:2      | Noticed Jessica
   962 | D:2      | Killed Jessica
  1039 | D:2      | Reached XP level 4. HP: 30/30 MP: 6/8
  1790 | D:3      | Reached skill level 6 in Necromancy
  1850 | D:3      | Found an ornate altar of the Wu Jian Council.
  2031 | D:3      | Reached skill level 1 in Fighting
  2500 | D:3      | Reached skill level 2 in Fighting
  2500 | D:3      | Reached XP level 5. HP: 36/38 MP: 7/9
  2759 | D:4      | Reached skill level 3 in Fighting
  2901 | D:4      | Noticed a water moccasin
  2939 | D:4      | Killed a water moccasin
  2940 | D:4      | Reached skill level 4 in Fighting
  2940 | D:4      | Reached XP level 6. HP: 17/48 MP: 0/10
  3885 | D:4      | Reached skill level 7 in Necromancy
  4043 | D:4      | Reached XP level 7. HP: 55/55 MP: 7/11
  4088 | D:5      | Entered Level 5 of the Dungeon
  4173 | D:5      | Reached skill level 5 in Fighting
  4236 | D:5      | Identified the +6 long sword of the Devouring Enemy {vamp,
                  | Stlth+}
  4365 | D:5      | Reached skill level 1 in Evocations
  4450 | D:5      | Learned a level 4 spell: Animate Dead
  4495 | D:5      | Reached skill level 2 in Evocations
  4880 | D:5      | Found a snail-covered altar of Cheibriados.
  5330 | D:6      | Noticed a steam dragon
  5348 | D:6      | Reached skill level 8 in Necromancy
  5382 | D:6      | Reached XP level 8. HP: 62/62 MP: 7/12
  5441 | D:6      | Reached skill level 6 in Fighting
  5451 | D:6      | Reached skill level 2 in Stealth
  5644 | D:6      | Reached skill level 3 in Stealth
  5644 | D:6      | Reached skill level 2 in Dodging
  5697 | D:6      | Reached skill level 3 in Dodging
  6009 | D:6      | Reached skill level 4 in Dodging
  6111 | D:6      | Found a blossoming altar of Fedhas.
  6188 | D:6      | Found a basalt altar of Yredelemnul.
  6477 | D:7      | Reached skill level 5 in Dodging
  6489 | D:7      | Reached XP level 9. HP: 69/69 MP: 10/13
  6612 | D:7      | Reached skill level 6 in Dodging
  6688 | D:7      | Reached skill level 9 in Necromancy
  7244 | D:7      | Found a staircase to the Ecumenical Temple.
  7261 | D:7      | Reached skill level 4 in Spellcasting
  7263 | Temple   | Entered the Ecumenical Temple
  7467 | Temple   | Became a worshipper of Kikubaaqudgha
  7500 | D:7      | Found Mawo's Book Boutique.
  7872 | D:7      | Reached skill level 1 in Armour
  8090 | D:7      | Reached skill level 2 in Armour
  8240 | D:7      | Reached skill level 3 in Armour
  8713 | D:8      | Found a runed translucent door.
  8713 | D:8      | Noticed Unforgiven's ghost (novice GrFi)
  8737 | D:8      | Reached skill level 4 in Armour
  8753 | D:8      | Reached XP level 10. HP: 75/76 MP: 16/16
  8767 | D:8      | Reached skill level 5 in Armour
  8864 | D:8      | Reached * piety under Kikubaaqudgha
  8864 | D:8      | Received a gift from Kikubaaqudgha
  8865 | D:8      | Reached skill level 6 in Armour
  8871 | D:8      | Noticed Psyche
  8881 | D:8      | Killed Psyche
  9005 | D:8      | Reached skill level 7 in Armour
  9588 | D:8      | Noticed a two-headed ogre
  9643 | D:8      | Killed a two-headed ogre
  9644 | D:8      | Reached skill level 8 in Armour
  9729 | D:8      | Found a staircase to the Lair.
 10085 | D:1      | Bought a scroll of identify for 26 gold pieces
 10085 | D:1      | Bought a scroll of enchant weapon for 97 gold pieces
 10085 | D:1      | Bought a scroll of magic mapping for 97 gold pieces
 10085 | D:1      | Bought a scroll of blinking for 97 gold pieces
 10085 | D:1      | Bought a scroll of identify for 26 gold pieces
 10085 | D:1      | Bought a scroll of blinking for 97 gold pieces
 10085 | D:1      | Bought a scroll of teleportation for 39 gold pieces
 10357 | D:8      | Reached ** piety under Kikubaaqudgha
 10440 | D:8      | Reached skill level 9 in Armour
 10537 | D:9      | Found a flagged portal.
 10562 | D:9      | Slain by a troll

Vanquished Creatures
  A two-headed ogre (D:8)
  A hornet (D:8)
  8 yaks
  3 wyverns (D:8)
  A basilisk (D:8)
  2 steam dragons
  3 water moccasins
  An orc warrior (D:7)
  A black bear (D:7)
  An ice beast (D:6)
  An ogre (D:5)
  3 centaurs
  A phantom (D:6)
  A kobold brigand (D:8)
  4 bullfrogs (D:7)
  A gnoll sergeant (D:6)
  4 scorpions
  A wight (D:7)
  12 killer bees
  2 howler monkeys
  4 hounds
  2 jellies
  7 orc priests
  Jessica (D:2)
  An iguana (D:5)
  7 orc wizards
  8 gnolls
  5 adders
  A white imp (D:6)
  An ufetubus (D:6)
  A worm (D:4)
  A dart slug (D:1)
  25 orcs
  3 ball pythons
  7 bats
  9 endoplasms
  13 giant cockroaches (D:2)
  8 goblins
  A hobgoblin (D:3)
  6 jackals
  6 quokkas
  3 frilled lizards
  11 kobolds
  7 rats
190 creatures vanquished.

Vanquished Creatures (collateral kills)
  Psyche (D:8)
  A basilisk (D:8)
  A vampire (D:8)
  A yak (D:8)
  4 water moccasins
  2 black bears (D:7)
  2 centaurs (D:7)
  A kobold brigand (D:8)
  A wight (D:8)
  A yak zombie (D:8)
  A howler monkey (D:8)
  2 orc priests (D:8)
  A jelly (D:7)
  A gnoll (D:6)
  A white imp (D:7)
  2 orcs
  2 goblins
  A bat (D:3)
  2 frilled lizards (D:1)
  10 kobolds (D:8)
38 creatures vanquished.

Vanquished Creatures (others)
  2 wyvern zombies (D:8)
  2 water moccasin zombies
  3 yak zombies (D:8)
  A centaur zombie (D:8)
  2 black bear zombies (D:7)
  A scorpion zombie (D:7)
  5 killer bee zombies
  4 kobold zombies (D:8)
  A howler monkey zombie (D:9)
  2 gnoll zombies (D:6)
  7 orc zombies
  An orc (D:6)
  A goblin (D:9)
32 creatures vanquished.

Grand Total: 260 creatures vanquished

Table legend: (Time is in decaauts)
 A = Elapsed time spent in this place.
 B = Non-inter-level travel time spent in this place.
 C = Inter-level travel time spent in this place.
 D = Time resting spent in this place.
 E = Time spent auto-exploring this place.
 F = Levels seen in this place.
 G = Mean time per level.
                   A        B        C        D        E       F      G
               +--------+--------+--------+--------+--------+-----+--------+
         Total |  10657 |   9775 |    882 |   1333 |   6069 |  10 | 1065.7 |
       Dungeon |  10433 |   9601 |    832 |   1333 |   5914 |   9 | 1159.2 |
        Temple |    223 |    173 |     50 |      0 |    155 |   1 |  223.0 |
               +--------+--------+--------+--------+--------+-----+--------+

Top non-repeatable levels by time:
     D:8: 1795 daAuts
     D:6: 1714 daAuts
     D:7: 1453 daAuts
     D:4: 1374 daAuts
     D:5: 1151 daAuts
     D:3: 1144 daAuts
     D:2: 901 daAuts
     D:1: 818 daAuts
  Temple: 223 daAuts
     D:9: 80 daAuts

Table legend:
 A = Non-vault XP
 B = Vault XP
 C = Vault XP percentage of total XP
 D = Non-vault monster count
 E = Vault monster count
 F = Vault count percentage of total count
                 A         B        C        D         E       F
            +---------+---------+-------+---------+---------+-------
      Total |    6695 |    4179 |  38.4 |     175 |      52 |  22.9
            +---------+---------+-------+---------+---------+-------
        D:1 |      36 |       0 |   0.0 |      23 |       0 |   0.0
        D:2 |      42 |      61 |  59.2 |      12 |      13 |  52.0
        D:3 |     145 |       5 |   3.3 |      22 |       2 |   8.3
        D:4 |     370 |      88 |  19.2 |      26 |       6 |  18.8
        D:5 |     530 |       0 |   0.0 |      12 |       0 |   0.0
        D:6 |    1166 |     110 |   8.6 |      25 |       1 |   3.8
        D:7 |     771 |    1361 |  63.8 |      13 |      14 |  51.9
        D:8 |    3404 |    2548 |  42.8 |      40 |      13 |  24.5
        D:9 |     231 |       6 |   2.5 |       2 |       3 |  60.0
            +---------+---------+-------+---------+---------+-------
